 Dungeon Crawl Stone Soup version 0.29.1-12-g30fa7ad0bf (webtiles) character file.

Game seed: 10954014241822987312

13783 Sanktem7 the Fighter (level 11, -1/111 HPs)
             Began as a Minotaur Fighter on Dec 17, 2022.
             Was a High Priest of Okawaru.
             Shot with an arrow by a centaur warrior (15 damage)
             ... on level 11 of the Dungeon.
             The game lasted 00:27:00 (13621 turns).

Sanktem7 the Fighter (Minotaur Fighter)            Turns: 13621, Time: 00:27:00

Health: -1/111     AC: 22    Str: 25    XL:     11   Next: 80%
Magic:  10/10      EV:  8    Int:  3    God:    Okawaru [*****.]
Gold:   699        SH:  0    Dex: 10    Spells: 10/10 levels left

rFire   + + .      SeeInvis .   I - +4 battleaxe {axe}
rCold   x x .      Faith    .   (shield currently unavailable)
rNeg    + + +      Spirit   .   A - +7 plate armour of Gravitas {Contam +Blink rN+++ rCorr}
rPois   .          Reflect  .   j - +2 hat
rElec   +          Harm     .   B - +0 cloak {Will+}
rCorr   +          Rampage  .   (no gloves)
Will    +....                   (no boots)
Stlth   ..........              (no amulet)
HPRegen 0.28/turn               k - ring of fire
MPRegen 0.12/turn               T - ring of fire

@: no status effects
A: horns 2, retaliatory headbutt, dopey 1, electricity resistance, sturdy frame
1
a: Renounce Religion, Evoke Blink, Heroism, Finesse, Duel


You were on level 11 of the Dungeon.
You worshipped Okawaru.
Okawaru was extremely pleased with you.
You visited 1 branch of the dungeon, and saw 11 of its levels.
You also visited: Ossuary.

You collected 699 gold pieces.


Innate Abilities, Weirdness & Mutations

You have a pair of horns on your head.
You reflexively headbutt those who attack you in melee.
You are dopey. (Int -2)
You are resistant to electric shocks. (rElec)
Your movements are slightly less encumbered by armour. (ER -2)


   Skills:
 * Level 14.9 Fighting
 * Level 14.7 Axes
 + Level 7.6 Throwing
 - Level 5.0 Armour
 - Level 3.6 Shields


You had 10 spell levels left.
You didn't know any spells.
Your spell library contained the following spells:

 Spells                   Type           Power      Damage    Failure   Level
 Shock                    Conj/Air       0%         1d3       99%         1
 Slow                     Hex            0%         N/A       99%         1
 Static Discharge         Conj/Air       0%         3-3/arc   100%        2
 Confusing Touch          Hex            0%         N/A       100%        3
 Swiftness                Air            0%         N/A       100%        3
 Vampiric Draining        Necr           0%         2d6       100%        3
 Airstrike                Air            0%         2d(0-16)  100%        4
 Lightning Bolt           Conj/Air       0%         1d11      100%        5
 Maxwell's Capacitive Co  Air            0%         ∞         100%        8

Inventory:

Hand Weapons
 e - a +1 broad axe of draining {axe}
   (You took it off Maggie on level 7 of the Dungeon)
 m - a +3 flail {mace}
   (You took it off a wight on level 6 of the Dungeon)
 I - a +4 battleaxe (weapon) {axe}
   (You took it off a wight on level 8 of the Dungeon)
Missiles
 b - 2 datura-tipped darts {throwing}
 g - 18 poisoned darts (quivered) {throwing}
 n - 13 boomerangs {throwing}
 L - a curare-tipped dart {=fthrowing}
Armour
 j - a +2 hat (worn)
   (You found it on level 1 of the Dungeon)
 A - the +7 plate armour of Gravitas (worn) {Contam +Blink rN+++ rCorr}
   (Okawaru gifted it to you on level 9 of the Dungeon)

   rN:        It renders you almost immune to negative energy.
   +Blink:    It lets you blink.
   Contam:    It causes magical contamination when unequipped.
   rCorr:     It protects you from acid and corrosion.
 B - a +0 cloak of willpower (worn)
   (You found it on level 5 of the Dungeon)
Jewellery
 k - a ring of fire (left hand)
   (You found it on level 1 of the Dungeon)
 T - a ring of fire (right hand)
   (You found it on level 10 of the Dungeon)
Wands
 a - a wand of mindburst (11)
   (You found it on level 8 of the Dungeon)
 y - a wand of roots (7)
   (You found it on level 8 of the Dungeon)
 D - a wand of flame (14)
   (You found it on level 6 of the Dungeon)
 J - a wand of paralysis (5)
   (You found it on level 10 of the Dungeon)
 O - a wand of quicksilver (6)
   (You found it on level 10 of the Dungeon)
Scrolls
 h - 3 scrolls of magic mapping {!r}
 l - a scroll of poison {!r}
 v - 3 scrolls of vulnerability {!r!r}
 z - 7 scrolls of fear
 E - 5 scrolls of blinking {!r}
 F - 6 scrolls of teleportation {@r4}
 K - a scroll of silence {!r}
 M - a scroll of immolation {!r!r}
 N - 6 scrolls of identify {@r1}
 P - 2 scrolls of butterflies
Potions
 c - a potion of attraction {unknown}
 d - 3 potions of might
 i - 8 potions of curing {@q1}
 o - a potion of ambrosia
 p - 3 potions of berserk rage {!q}
 q - 2 potions of lignification {!q}
 s - 2 potions of mutation {!q}
 t - 3 potions of brilliance
 x - a potion of flight
 C - a potion of invisibility
 G - 3 potions of magic
 H - a potion of cancellation

Dungeon Overview and Level Annotations

Branches:
Dungeon (11/15) Zot: 26236  Temple (0/1) D:6             Orc (0/2) D:10
Ossuary (visited)
   Lair: D:8-11

Altars:
Cheibriados
Elyvilon
Fedhas
Hepliaklqana
Kikubaaqudgha
Makhleb
Nemelex Xobeh
Okawaru
Qazlal
Vehumet
The Shining One

Shops:
D:4

[ #. #.#############...#
#.##......#.....##...#
#.....###.#.....##...#
#.........'..........#
#.........#..........#
#.##......#.)[..##...#
#.co......#.....##...#
.....#'##c###.#.....?....#
... #..#<.@..#<.........#
. #c.###+##############
#..# #... #(o.c #....
#o....


You could see a centaur warrior (very poisoned) and an orc.


Message History

* * * LOW HITPOINT WARNING * * *
😨 HP[-3]
You take 3 damage, and now have 52/111 hp.
You slice the gargoyle!!
You destroy the gargoyle!
Okawaru accepts your kill. Okawaru grants you armour!
Something appears at your feet!
You see here the +3 plate armour of Ryimaixt {rF- Str+9 Int+3}.
f - the +3 plate armour of Ryimaixt {rF- Str+9 Int+3} You drop a +6 ring of intelligence.
You drop the +3 plate armour of Ryimaixt {rF- Str+9 Int+3}. 😨 HP[+1]
A centaur warrior is nearby! 😮 HP[+13]
You regained 13 hp, and now have 66/111 hp.
You are too injured to fight recklessly!
There is a stone staircase leading up here.
You can't go down here!
You climb upwards.
Reactivating autopickup.
There is a stone staircase leading down here. 😮 HP[+1] Done exploring. 😎 HP[+44]
Your hp is fully restored (111).
You can't go up here!
You climb downwards.
There is a stone staircase leading up here.
There is an open door here.
Found a stone staircase leading up.
Found a stone staircase leading down.
An orc comes into view. It is wielding a +0 dagger.
The orc shouts!
The orc moves out of view.
An orc wizard comes into view. It is wielding a +0 dagger.
An orc comes into view. It is wielding a +0 club.
The orc wizard shouts!
The orc shouts!
You hear a shout!
The orc throws a boomerang.
The boomerang closely misses you.
There is an open door here.
The orc wizard gestures wildly while chanting.
The orc wizard flickers and vanishes!
Deactivating autopickup; reactivate with Ctrl-A.
You throw a poisoned dart {throwing}.
The poisoned dart {throwing} barely misses the orc.
You throw a poisoned dart {throwing}.
The poisoned dart {throwing} hits the orc!
The orc is poisoned.
You throw a poisoned dart {throwing}.
The poisoned dart {throwing} barely misses the centaur warrior.
The centaur warrior wields a +0 longbow.
The centaur warrior shoots an arrow.
The arrow hits you!!
The centaur shouts! 😕 HP[-22]
You take 22 damage, and now have 89/111 hp.
You throw a poisoned dart {throwing}.
The poisoned dart {throwing} hits the centaur warrior.
The centaur warrior is poisoned.
The centaur warrior shoots an arrow.
The arrow hits you but does no damage.
You throw a poisoned dart {throwing}.
The poisoned dart {throwing} hits the centaur warrior!
The centaur warrior looks even sicker.
The centaur warrior shoots an arrow.
The arrow hits you!!
The centaur shoots an arrow.
The arrow completely misses you. 😮 HP[-19]
You take 19 damage, and now have 70/111 hp. 😮 HP[+1]
The centaur shoots an arrow.
The arrow hits you but does no damage.
The centaur warrior shoots an arrow.
The arrow hits you!
The centaur shoots an arrow.
The arrow hits you but does no damage. 😮 HP[-11]
You take 11 damage, and now have 60/111 hp.
The centaur warrior shoots an arrow.
The arrow hits you!
* * * LOW HITPOINT WARNING * * *
The centaur shoots an arrow.
The arrow hits you.
* * * LOW HITPOINT WARNING * * *
The centaur warrior shoots an arrow.
The arrow hits you.
* * * LOW HITPOINT WARNING * * *
You hear an angry buzzing noise.
You hear a shout! 😨 HP[-27]
You take 27 damage, and now have 33/111 hp.
MASSIVE DAMAGE!! (PAUSE)
The centaur warrior shoots an arrow.
The arrow hits you but does no damage.
The centaur shoots an arrow.
The arrow barely misses you. 😨 HP[+1] Okawaru accepts your kill.
You feel a bit more experienced.
The centaur warrior shoots an arrow.
The arrow hits you!
* * * LOW HITPOINT WARNING * * *
The centaur shoots an arrow.
The arrow hits you.
* * * LOW HITPOINT WARNING * * *
You hear a skittering sound. 😱 HP[-18]
You take 18 damage, and now have 16/111 hp.
The centaur warrior shoots an arrow.
The arrow hits you.
* * * LOW HITPOINT WARNING * * *
😱 HP[-3]
You take 3 damage, and now have 13/111 hp.
The centaur warrior shoots an arrow.
The arrow hits you!
You die...

Skill      XL: |  1  2  3  4  5  6  7  8  9 10 11 |
---------------+----------------------------------+-----
Fighting       | 4 5 6 7 8 9 11 13 14 | 14.9
Axes           | 3 4 5 7 9 11 13 14 | 14.7
Armour         | 4 5 |  5.0
Throwing       | 1 3 4 6 7 |  7.6
Shields        | |  3.6

Action                   |  1- 3 |  4- 6 |  7- 9 | 10-12 || total
-------------------------+-------+-------+-------+-------++-------
Melee: War axe           |   114 |    82 |   255 |    39 ||   490
       Headbutt          |    11 |    13 |    44 |    73 ||   141
       Broad axe         |       |       |       |    81 ||    81
       Battleaxe         |       |       |       |   192 ||   192
Throw: Stone             |    12 |     5 |       |       ||    17
       Dart              |       |       |     5 |     5 ||    10
  Use: Scroll            |       |    11 |    15 |     8 ||    34
       Potion            |       |     1 |       |     3 ||     4
Armor: Scale mail        |    68 |       |       |       ||    68
       Plate armour      |     2 |    60 |   201 |   238 ||   501
Dodge: Dodged            |    55 |    29 |    88 |   135 ||   307
Block: Buckler           |    38 |    21 |    51 |    20 ||   130

Levels and vault maps discovered:
D:1:      dpeg_arrival_tiny_a, layout_basic, serial_aquarium,
          aquarium_bridge_square [aquarium_subvault_bridge,
          aquarium_subvault_wall, aquarium_subvault_wall,
          aquarium_subvault_bridge], aquarium_bridge_square
          [aquarium_subvault_bridge, aquarium_subvault_balcony,
          aquarium_subvault_bridge, aquarium_subvault_bridge],
          aquarium_window_corner, aquarium_window_1, aquarium_window_double,
          aquarium_window_2, aquarium_view_2c, dreamdust_princess_corridor,
          minmay_box_of_dots
D:2:      layout_basic, serial_bayou_crossing
D:3:      layout_basic, shapermc_ecumenical_altar_pompeii,
          minmay_misc_feat_four_crosses, uniq_natasha, uniq_crazy_yiuf_cottage
D:4:      layout_rooms, lemuel_round_altar,
          chequers_temple_overflow_statue_of_worship,
          chequers_temple_overflow_minitemple, serial_shops,
          nicolae_shop_statue_plus, uniq_pikel
D:5:      layout_basic, kennysheep_mini_moat, minmay_pentangle, uniq_duvessa
D:6:      layout_cave_pods, mainiacjoe_overflow_brackets, lemuel_tele_altar,
          minmay_temple_entry_fiery, enter_ossuary_2, uniq_blork_the_orc
D:7:      layout_cave_pods, minmay_ruined_shrine, uniq_maggie
D:8:      layout_layer_cave
D:9:      layout_stronghold
D:10:     layout_roguey, david_orc_1_choice, minmay_alternating_orb
D:11:     minmay_the_grid_four_pointed_star_mashed
          [minmay_the_grid_triangle_9x9_alien,
          minmay_the_grid_triangle_9x9_cache,
          minmay_the_grid_triangle_9x9_flanged_cone,
          minmay_the_grid_triangle_9x9_minimal,
          minmay_the_grid_prize_trominoes], layout_stronghold,
          grunt_lair_entry_orc_guard_hut

Notes
Turn   | Place    | Note
-------+----------+-------------------------------------------
     0 | D:1      | Sanktem7 the Minotaur Fighter began the quest for the Orb.
     0 | D:1      | Reached XP level 1. HP: 19/19 MP: 0/0
     0 | D:1      | magus.rc [v1.9.6]
   269 | D:1      | Reached skill level 4 in Fighting
   269 | D:1      | Reached XP level 2. HP: 25/27 MP: 1/1
   296 | D:1      | Reached skill level 3 in Axes
  1051 | D:1      | Reached XP level 3. HP: 32/34 MP: 2/2
  1427 | D:2      | You pick up a book of Lightning and begin reading...
  1427 | D:2      | You add the spells Static Discharge, Lightning Bolt and
                  | Maxwell's Capacitive Coupling to your library.
  2336 | D:3      | Reached skill level 4 in Armour
  2785 | D:3      | Reached XP level 4. HP: 41/41 MP: 3/3
  2822 | D:3      | Found a faded altar of an unknown god.
  2822 | D:3      | Noticed Natasha
  2828 | D:3      | Killed Natasha
  2829 | D:3      | Reached skill level 4 in Axes
  2925 | D:3      | Noticed Natasha
  2933 | D:3      | Killed Natasha
  2934 | D:3      | Reached skill level 5 in Fighting
  3072 | D:3      | Found a runed translucent door.
  3073 | D:3      | Noticed Crazy Yiuf
  3090 | D:3      | Killed Crazy Yiuf
  3091 | D:3      | Reached XP level 5. HP: 18/48 MP: 4/4
  3093 | D:3      | HP: 12/48 [poisoned by Crazy Yiuf]
  3111 | D:3      | Gained mutation: Your movements are slightly less
                  | encumbered by armour. (ER -2) [potion of mutation]
  3111 | D:3      | Gained mutation: You are resistant to electric shocks.
                  | (rElec) [potion of mutation]
  3111 | D:3      | Gained mutation: You are dopey. (Int -2) [potion of
                  | mutation]
  3129 | D:4      | Noticed a lemure
  3129 | D:4      | Noticed a lemure
  3130 | D:4      | Noticed a lemure
  3145 | D:4      | Killed a lemure
  3148 | D:4      | Killed a lemure
  3160 | D:4      | Reached skill level 5 in Axes
  3358 | D:4      | Found an ancient bone altar of Kikubaaqudgha.
  3358 | D:4      | Found an iron altar of Okawaru.
  3359 | D:4      | Found a white marble altar of Elyvilon.
  3359 | D:4      | Found a glowing golden altar of the Shining One.
  3379 | D:4      | Became a worshipper of Warmaster Okawaru
  3410 | D:4      | Reached skill level 6 in Fighting
  3410 | D:4      | Reached XP level 6. HP: 20/57 MP: 5/5
  3622 | D:4      | You pick up a book of Debilitation and begin reading...
  3622 | D:4      | You add the spells Slow, Vampiric Draining and Confusing
                  | Touch to your library.
  3829 | D:4      | Found a sparkling altar of Nemelex Xobeh.
  3863 | D:4      | Noticed Pikel
  3881 | D:4      | HP: 14/57 [Pikel/+2 whip of flaming (4)]
  3883 | D:4      | HP: 4/57 [Pikel/+2 whip of flaming (8)]
  3884 | D:4      | Killed Pikel
  3884 | D:4      | Reached * piety under Okawaru
  3884 | D:4      | Reached ** piety under Okawaru
  3885 | D:4      | Reached skill level 7 in Fighting
  3885 | D:4      | Reached skill level 7 in Axes
  3885 | D:4      | Reached skill level 5 in Armour
  3885 | D:4      | Reached XP level 7. HP: 4/67 MP: 6/6
  4190 | D:4      | Found Koomei's Armour Shop.
  4306 | D:4      | Found a faded altar of an unknown god.
  4306 | D:4      | Found a snail-covered altar of Cheibriados.
  4314 | D:4      | Found a burning altar of Makhleb.
  4316 | D:4      | Found a hazy altar of Hepliaklqana.
  4318 | D:4      | Found a faded altar of an unknown god.
  4496 | D:5      | Entered Level 5 of the Dungeon
  4700 | D:5      | Found a radiant altar of Vehumet.
  4712 | D:5      | Reached skill level 8 in Fighting
  4712 | D:5      | Reached skill level 1 in Throwing
  4759 | D:5      | Noticed Dowan
  4760 | D:5      | Noticed Duvessa
  4766 | D:5      | Reached XP level 8. HP: 74/74 MP: 7/7
  4783 | D:5      | Killed Duvessa
  4784 | D:5      | Reached skill level 8 in Axes
  4796 | D:5      | Killed Dowan
  4974 | D:5      | Reached skill level 2 in Throwing
  5035 | D:5      | Reached skill level 9 in Fighting
  5295 | D:5      | Reached skill level 9 in Axes
  5302 | D:5      | Reached *** piety under Okawaru
  5310 | D:5      | Reached skill level 3 in Throwing
  5463 | D:5      | Identified the +2 robe of Jaesifo {rElec Int+3}
  5878 | D:6      | Reached XP level 9. HP: 85/85 MP: 8/8
  5907 | D:6      | Reached skill level 10 in Fighting
  5930 | D:6      | Found a blossoming altar of Fedhas.
  6105 | D:6      | HP: 20/82 [wight/+0 spear (2)]
  6107 | D:6      | HP: 5/81 [wight/+0 battleaxe (8)]
  6107 | D:6      | HP: 2/79 [wight/+0 battleaxe (3)]
  6115 | D:6      | Found a sand-covered staircase.
  6121 | Ossuary  | Entered an ossuary
  6472 | Ossuary  | Reached skill level 10 in Axes
  6584 | Ossuary  | Reached skill level 4 in Throwing
  6869 | Ossuary  | Reached **** piety under Okawaru
  6904 | Ossuary  | Reached skill level 11 in Fighting
  6963 | Ossuary  | Reached skill level 11 in Axes
  7055 | D:6      | Noticed Blork the orc
  7063 | D:6      | Killed Blork the orc
  7546 | D:6      | Found a stormy altar of Qazlal.
  7601 | D:6      | Reached XP level 10. HP: 89/93 MP: 9/9
  7616 | D:6      | Reached skill level 5 in Throwing
  7849 | D:6      | Found a staircase to the Ecumenical Temple.
  7903 | D:6      | Received a gift from Okawaru
  8384 | D:7      | Noticed Maggie
  8401 | D:7      | Killed Maggie
  8402 | D:7      | Reached skill level 12 in Fighting
  8573 | D:7      | You pick up a book of Air and begin reading...
  8573 | D:7      | You add the spells Shock, Swiftness and Airstrike to your
                  | library.
  8741 | D:7      | Found a burning altar of Makhleb.
  8749 | D:7      | Reached skill level 12 in Axes
  9150 | D:8      | Reached ***** piety under Okawaru
 10102 | D:8      | Reached skill level 6 in Throwing
 10398 | D:9      | Reached skill level 13 in Fighting
 10864 | D:9      | Identified the +7 plate armour of Gravitas {Contam +Blink
                  | rN+++ rCorr} (Okawaru gifted it to you on level 9 of the
                  | Dungeon)
 10864 | D:9      | Received a gift from Okawaru
 10865 | D:9      | Reached skill level 13 in Axes
 11191 | D:9      | Reached XP level 11. HP: 107/107 MP: 10/10
 11499 | D:10     | Entered Level 10 of the Dungeon
 11648 | D:10     | Found a staircase to the Orcish Mines.
 12152 | D:10     | Reached skill level 14 in Fighting
 12312 | D:10     | Reached skill level 14 in Axes
 12312 | D:10     | Reached skill level 7 in Throwing
 12327 | D:10     | Noticed a soul eater
 12330 | D:10     | HP: 26/111 [orc warrior/+0 flail (7)]
 12678 | D:10     | Identified the +1 ring mail "Quma" {*Slow Will+ Dex+4
                  | Slay+5}
 12878 | D:11     | Noticed a deep elf pyromancer
 13163 | D:11     | Noticed a wolf spider
 13165 | D:11     | Noticed a centaur warrior
 13170 | D:11     | HP: 26/111 [vampire mosquito (3)]
 13171 | D:11     | Noticed an ogre mage
 13175 | D:11     | HP: 27/111 [poisoned by a wolf spider]
 13180 | D:11     | HP: 22/111 [poisoned by a wolf spider]
 13327 | D:11     | Identified the ring of Eternal Harmony {rF+ rC+ rN+ rCorr
                  | Str-2 Int+6}
 13327 | D:11     | Noticed a wizard
 13335 | D:11     | Killed a wizard
 13378 | D:11     | Identified the +3 plate armour of Ryimaixt {rF- Str+9
                  | Int+3} (Okawaru gifted it to you on level 11 of the
                  | Dungeon)
 13378 | D:11     | Received a gift from Okawaru
 13618 | D:11     | HP: 22/111 [centaur warrior/arrow (12)]
 13621 | D:11     | Shot with an arrow by a centaur warrior

Vanquished Creatures
  Pikel (D:4)
  A wizard (D:11)
  A gargoyle (D:11)
  Maggie (D:7)
  A kobold demonologist (D:10)
  A komodo dragon (D:11)
  2 trolls (D:10)
  2 hornets (D:10)
  5 wraiths
  16 yaks
  4 steam dragons
  A vampire mosquito (D:10)
  A warg (D:10)
  2 acid dragons
  Duvessa (D:5)
  10 orc warriors
  3 ice beasts
  A sky beast (D:6)
  A black bear (D:5)
  7 centaurs
  2 ogres
  5 phantoms
  4 lemures (D:4)
  Blork the orc (D:6)
  2 kobold brigands
  5 bullfrogs
  3 necrophages
  13 scorpions
  24 wights
  Dowan (D:5)
  6 killer bees (D:8)
  2 howler monkeys
  3 centaur zombies (Ossuary)
  A gnoll bouda (D:4)
  5 orc priests
  4 hounds
  5 human zombies (Ossuary)
  2 jellies
  Crazy Yiuf (D:3)
  5 iguanas
  4 scorpion zombies (Ossuary)
  Natasha (twice) (D:3)
  3 orc wizards
  3 mummies (Ossuary)
  10 adders
  5 gnolls (D:4)
  2 shadow imps (D:5)
  3 white imps
  3 ufetubi
  A worm (D:4)
  23 orcs
  4 ball pythons
  7 endoplasms
  2 giant cockroaches (D:3)
  10 goblins
  6 hobgoblins
  2 jackals (D:1)
  6 quokkas
  6 bats
  5 frilled lizards
  A goblin zombie (Ossuary)
  17 kobolds
  2 orc zombies (Ossuary)
  8 rats
291 creatures vanquished.

Vanquished Creatures (others)
  A plant (D:2)
1 creature vanquished.

Grand Total: 292 creatures vanquished

Table legend:
 A = Non-vault XP
 B = Vault XP
 C = Vault XP percentage of total XP
 D = Non-vault monster count
 E = Vault monster count
 F = Vault count percentage of total count
                 A         B        C        D         E       F
            +---------+---------+-------+---------+---------+-------
      Total |   10000 |    9691 |  49.2 |     191 |      96 |  33.4
            +---------+---------+-------+---------+---------+-------
        D:1 |      36 |       6 |  14.3 |      22 |       4 |  15.4
        D:2 |      34 |       0 |   0.0 |      15 |       0 |   0.0
        D:3 |      60 |      74 |  55.2 |      15 |       2 |  11.8
        D:4 |     336 |     673 |  66.7 |      19 |       1 |   5.0
        D:5 |     666 |     873 |  56.7 |      19 |      18 |  48.6
        D:6 |    1869 |      94 |   4.8 |      24 |       1 |   4.0
        D:7 |     352 |    1122 |  76.1 |       7 |      10 |  58.8
        D:8 |    1459 |       0 |   0.0 |      21 |       0 |   0.0
        D:9 |    2770 |       0 |   0.0 |      25 |       0 |   0.0
       D:10 |    2037 |    3664 |  64.3 |      22 |      25 |  53.2
       D:11 |     381 |    1644 |  81.2 |       2 |       5 |  71.4
    Ossuary |       0 |    1541 | 100.0 |       0 |      30 | 100.0
            +---------+---------+-------+---------+---------+-------

Illustrated notes

Table legend:
 A = Kills in this place as a percentage of kills in entire the game.
 B = Kills by you in this place as a percentage of kills by you in the entire game.
 C = Kills by friends in this place as a percentage of kills by friends in the entire game.
 D = Other kills in this place as a percentage of other kills in the entire game.
 E = Experience gained in this place as a percentage of experience gained in the entire game.
 F = Experience gained in this place divided by the number of levels of this place that you have seen.
                   A       B       C       D       E      F
               +-------+-------+-------+-------+-------+----------------------
         Total | 100.0 | 100.0 |   N/A |   N/A | 100.0 | 1640.9
       Dungeon |  89.5 |  89.5 |   N/A |   N/A |  92.2 | 1650.0
       Ossuary |  10.5 |  10.5 |   N/A |   N/A |   7.8 | 1541.0
               +-------+-------+-------+-------+-------+----------------------

Table legend: (Time is in decaauts)
 A = Elapsed time spent in this place.
 B = Non-inter-level travel time spent in this place.
 C = Inter-level travel time spent in this place.
 D = Time resting spent in this place.
 E = Time spent auto-exploring this place.
 F = Levels seen in this place.
 G = Mean time per level.
                   A        B        C        D        E       F      G
               +--------+--------+--------+--------+--------+-----+--------+
         Total |  13746 |  13487 |    259 |   1059 |  10498 |  12 | 1145.5 |
       Dungeon |  12815 |  12556 |    259 |    725 |  10099 |  11 | 1165.0 |
       Ossuary |    931 |    931 |      0 |    334 |    399 |   1 |  931.0 |
               +--------+--------+--------+--------+--------+-----+--------+

Top non-repeatable levels by time:
    D:10: 1797 daAuts
     D:1: 1437 daAuts
     D:4: 1387 daAuts
     D:5: 1379 daAuts
     D:6: 1252 daAuts
     D:9: 1194 daAuts
     D:8: 1189 daAuts
     D:7: 1075 daAuts
     D:3: 1016 daAuts
 Ossuary: 931 daAuts
     D:2: 753 daAuts
    D:11: 331 daAuts
